 Dungeon Crawl Stone Soup version 0.27.0-1-g7a089689b8 (webtiles) character file.

Game seed: 8241422332324774103

79 xormask the Conjurer (level 4, -1/24 HPs)
             Began as a Deep Elf Conjurer on Aug 1, 2021.
             Slain by a polar bear (25 damage)
             ... created by the rage of Trog
             ... on level 2 of the Dungeon.
             The game lasted 00:04:45 (1678 turns).

xormask the Conjurer (Deep Elf Conjurer)            Turns: 1678, Time: 00:04:46

Health: -1/24      AC:  3    Str:  4    XL:     4   Next: 17%
Magic:  9/12       EV: 12    Int: 24    God:
Gold:   77         SH:  0    Dex: 13    Spells: 4/11 levels left

rFire    . . .     SeeInvis .   i - +0 dagger (speed)
rCold    . . .     Faith    .   (no shield)
rNeg     . . .     Spirit   .   a - +1 robe
rPois    .         Reflect  .   (no helmet)
rElec    .         Harm     .   (no cloak)
rCorr    .         Rampage  .   (no gloves)
Will     .....                  (no boots)
Stlth    ++........             (no amulet)
HPRegen  0.08/turn              (no ring)
MPRegen  0.13/turn              (no ring)

@: no status effects
A: no striking features
a: no special abilities


You were on level 2 of the Dungeon.
You visited 1 branch of the dungeon, and saw 2 of its levels.

You collected 77 gold pieces.

Inventory:

Hand Weapons
 i - a +0 dagger of speed (weapon)
Armour
 a - a +1 robe (worn)
Scrolls
 c - a scroll of enchant armour
 f - a scroll of amnesia {unknown}
Potions
 b - 2 potions of heal wounds {unknown}
 e - a potion of might {unknown}
 g - a potion of brilliance {unknown}
 h - a potion of flight {unknown}


   Skills:
 - Level 2.4 Dodging
 - Level 2.4 Stealth
 + Level 4.2 Spellcasting
 * Level 5.7 Conjurations


You had 4 spell levels left.
You knew the following spells:

 Your Spells              Type           Power      Damage    Failure   Level
a - Magic Dart            Conj           100%       1d8       1%          1
b - Searing Ray           Conj           64%        3d5       1%          2
c - Iskenderun's Mystic   Conj/Tloc      18%        2d6       28%         4

Your spell library contained the following spells:

 Spells                   Type           Power      Damage    Failure   Level
 Dazzling Flash           Conj/Hex       36%        N/A       9%          3
 Ozocubu's Armour         Ice            5%         N/A       28%         3
 Fulminant Prism          Conj/Hex       9%         3d7       28%         4
 Metabolic Englaciation   Hex/Ice        2%         N/A       95%         5
 Simulacrum               Ice/Necr       2%         N/A       100%        6


Dungeon Overview and Level Annotations

Branches:
Dungeon (2/15)

Altars:
Trog


Message History

The magic dart hits the rat.
The rat is moderately wounded.
Casting: Magic Dart (safe; 1% risk of failure)
Confirm with . or Enter, or press ? or * to list all spells.
Aiming: Magic Dart (safe; 1% risk of failure)
Press: ? - help, Shift-Dir - straight line, f/p - rat
Aim: a rat (moderately wounded, 100% to hit)
The magic dart hits the rat.
The rat is severely wounded.
The rat closely misses you.
Casting: Magic Dart (safe; 1% risk of failure)
Confirm with . or Enter, or press ? or * to list all spells.
Aiming: Magic Dart (safe; 1% risk of failure)
Press: ? - help, Shift-Dir - straight line, p - rat The rat bites you but does no damage.
Unknown command.
Unknown command.
Casting: Magic Dart (safe; 1% risk of failure)
Confirm with . or Enter, or press ? or * to list all spells.
Aiming: Magic Dart (safe; 1% risk of failure)
Press: ? - help, Shift-Dir - straight line, f - rat
Aim: a rat (severely wounded, 100% to hit)
The magic dart hits the rat.
You kill the rat!
You start resting.
Trog sends monsters to punish you. 5 polar bears come into view.
There are monsters nearby!
There are monsters nearby!
There are monsters nearby!
As you read the scroll labelled PIJISO HOCK, it crumbles to dust.
It is a scroll of enchant armour.
Your +0 robe glows green for a moment.
As you read the scroll labelled PAMPUDGH TAGA, it crumbles to dust.
The creatures around you are filled with an inner flame!
It was a scroll of immolation.
The polar bear rages.
The polar bear bites you!!
Ouch! That really hurt!
You die... ............. ........>.. ######.# ......... .......## ....... .†......# ..... ........# hh.

........#
#h#
........#
#@#
........##
#h#
.........#
#h#
.......#.#
#.#
.......#.#
#.#
.......#.##
#.#
.......#..#
#(#
.......##.#
#.#
.......##.##
#.#


You could see 5 polar bears.

Vanquished Creatures
  Jessica (D:2)
  2 adders (D:2)
  An endoplasm (D:2)
  3 giant cockroaches
  2 goblins
  2 hobgoblins
  5 jackals
  3 quokkas (D:1)
  3 ball pythons
  3 bats
  2 frilled lizards (D:1)
  6 kobolds
  4 rats
37 creatures vanquished.

Notes
Turn   | Place    | Note
-------+----------+-------------------------------------------
     0 | D:1      | xormask the Deep Elf Conjurer began the quest for the Orb.
     0 | D:1      | Reached XP level 1. HP: 10/10 MP: 6/6
    24 | D:1      | Found Kibobbe's Distillery.
   182 | D:1      | Reached XP level 2. HP: 15/15 MP: 6/8
   187 | D:1      | Learned a level 2 spell: Searing Ray
   427 | D:1      | Reached skill level 5 in Conjurations
   663 | D:1      | Found a faded altar of an unknown god.
   840 | D:1      | Became a worshipper of Trog the Wrathful
   840 | D:1      | Reached * piety under Trog
   842 | D:1      | Fell from the grace of Trog
   883 | D:2      | Reached XP level 3. HP: 12/19 MP: 2/10
  1166 | D:2      | Noticed Jessica
  1172 | D:2      | Killed Jessica
  1339 | D:2      | Reached XP level 4. HP: 24/24 MP: 8/12
  1499 | D:2      | Learned a level 4 spell: Iskenderun's Mystic Blast
  1677 | D:2      | Noticed a polar bear
  1677 | D:2      | Noticed a polar bear
  1677 | D:2      | Noticed a polar bear
  1677 | D:2      | Noticed a polar bear
  1677 | D:2      | Noticed a polar bear
  1678 | D:2      | Slain by a polar bear

Illustrated notes

Levels and vault maps discovered:
D:1:      wander_arrival_lonely_grave, layout_basic, serial_shops,
          nicolae_square_shop, shapermc_ecumenical_altar_mp_vishouse
D:2:      layout_basic, uniq_jessica

Skill      XL: |  1  2  3 |
---------------+----------+-----
Conjurations   | 5 |  5.7
Spellcasting   | 4 |  4.2
Dodging        | |  2.4
Stealth        | |  2.4

Action                   |  1- 3 |  4- 6 || total
-------------------------+-------+-------++-------
 Cast: Magic Dart        |    44 |    19 ||    63
       Searing Ray       |     2 |       ||     2
Invok: Renounce Religion |     1 |       ||     1
  Use: Scroll            |       |     2 ||     2
Armor: Robe              |     1 |     1 ||     2
Dodge: Dodged            |     9 |     1 ||    10
